TOP OF THE 1ST |
---|
Detroit Dirty Snow batting - Pitching for State College Spikes : RHP James Waddell | Pitching: RHP James Waddell | | Batting: SHB Martin Goodwin | 0-0: Ball 1-0: Swinging Strike 1-1: Ground out 3-1 (Groundball, 34S) | Batting: LHB Francisco Medina | 0-0: Fly out, F8 (Flyball, 8RM) | Batting: RHB Guo-liang Lian | 0-0: Ground out 5-3 (Groundball, 5S) | Top of the 1st over - 0 runs, 0 hits, 0 errors, 0 left on base; Detroit 0 - State College 0 | BOTTOM OF THE 1ST |
---|
State College Spikes batting - Pitching for Detroit Dirty Snow : RHP Ánibal Medina | Pitching: RHP Ánibal Medina | | Batting: RHB Andrew Pinto | 0-0: Ball 1-0: Ball 2-0: Ground out 4-3 (Groundball, 4) | Batting: RHB Victor Gilbert | 0-0: Swinging Strike 0-1: Ground out 1-3 (Groundball, 13) | Batting: LHB Javier Morales | 0-0: Called Strike 0-1: Fly out, F9 (Line Drive, 89S) | Bottom of the 1st over - 0 runs, 0 hits, 0 errors, 0 left on base; Detroit 0 - State College 0 | TOP OF THE 2ND |
---|
Detroit Dirty Snow batting - Pitching for State College Spikes : RHP James Waddell | Batting: LHB Luis Salazar | 0-0: Ball 1-0: Fly out, F8 (Flyball, 8LM) | Batting: RHB Carlos Rocha | 0-0: Called Strike 0-1: Ball 1-1: Swinging Strike 1-2: Foul Ball, location: 2F 1-2: SINGLE (Groundball, 56D) | Batting: RHB António Aguilera | 0-0: Called Strike 0-1: Ball 1-1: SINGLE (Flyball, 78M) Carlos Rocha to second | Batting: RHB Wosene Garane | 0-0: Called Strike 0-1: Swinging Strike 0-2: Strikes out swinging | Batting: LHB Lee Jenkins | 0-0: Called Strike 0-1: Called Strike 0-2: Ground out 4-3 (Groundball, 4) | Top of the 2nd over - 0 runs, 2 hits, 0 errors, 2 left on base; Detroit 0 - State College 0 | BOTTOM OF THE 2ND |
---|
State College Spikes batting - Pitching for Detroit Dirty Snow : RHP Ánibal Medina | Batting: LHB Wilson Turner | 0-0: Ball 1-0: Ball 2-0: Foul Ball, location: 2F 2-1: Called Strike 2-2: Strikes out swinging | Batting: LHB Edward Norton | 0-0: Foul Ball, location: 2F 0-1: Fly out, F7 (Flyball, 7LMF) | Batting: RHB Ira Ross | 0-0: Ball 1-0: Called Strike 1-1: Ball 2-1: Foul Ball, location: 2F 2-2: Strikes out swinging | Bottom of the 2nd over - 0 runs, 0 hits, 0 errors, 0 left on base; Detroit 0 - State College 0 | TOP OF THE 3RD |
---|
Detroit Dirty Snow batting - Pitching for State College Spikes : RHP James Waddell | Batting: RHB Albert Cortéz | 0-0: Ball 1-0: Ball 2-0: Called Strike 2-1: Called Strike 2-2: Foul Ball, location: 2F 2-2: Strikes out swinging | Batting: SHB Martin Goodwin | 0-0: Foul Ball, location: 2F 0-1: Ball 1-1: Swinging Strike 1-2: Ball 2-2: Foul Ball, location: 2F 2-2: Ball 3-2: Base on Balls | Batting: LHB Francisco Medina | 0-0: Ball 1-0: SINGLE (Line Drive, 4MD) Martin Goodwin to second | Batting: RHB Guo-liang Lian | 0-0: Ball 1-0: Called Strike 1-1: SINGLE (Groundball, 6MD) Martin Goodwin to third Francisco Medina to second | Batting: LHB Luis Salazar | 0-0: Ball 1-0: Called Strike 1-1: Called Strike 1-2: Ball 2-2: Ball 3-2: Foul Ball, location: 2F 3-2: Base on Balls Martin Goodwin scores Francisco Medina to third Guo-liang Lian to second | Batting: RHB Carlos Rocha | 0-0: Called Strike 0-1: Ball 1-1: Ball 2-1: Ball 3-1: Foul Ball, location: 2F 3-2: Strikes out looking | Batting: RHB António Aguilera | 0-0: Called Strike 0-1: Ball 1-1: SINGLE (Groundball, 4MD) Francisco Medina scores Guo-liang Lian to third Luis Salazar to second Runner from 3rd tries for Home, SAFE, no throw | Batting: RHB Wosene Garane | 0-0: Ball 1-0: Ball 2-0: Called Strike 2-1: Ball 3-1: Base on Balls Luis Salazar to third António Aguilera to second | Batting: LHB Lee Jenkins | 0-0: Ball 1-0: Foul Ball, location: 2F 1-1: Ball 2-1: Ball 3-1: SINGLE (Line Drive, 6D) Luis Salazar scores António Aguilera to third Wosene Garane to second Runner from 3rd tries for Home, SAFE, no throw | Batting: RHB Albert Cortéz | 0-0: Foul Ball, location: 2F 0-1: Ball 1-1: Foul Ball, location: 2F 1-2: Foul Ball, location: 2F 1-2: Fly out, F6 (Popup, P) | Top of the 3rd over - 5 runs, 4 hits, 0 errors, 2 left on base; Detroit 5 - State College 0 | BOTTOM OF THE 3RD |
---|
State College Spikes batting - Pitching for Detroit Dirty Snow : RHP Ánibal Medina | Batting: RHB Sergio Serrano | 0-0: Ball 1-0: Ball 2-0: Ground out U3 (Groundball, 3) | Batting: RHB José Maldonado | 0-0: Foul Ball, location: 2F 0-1: Ball 1-1: Ball 2-1: Ball 3-1: Foul Ball, location: 2F 3-2: Ground out 6-3 (Groundball, 6) | Batting: RHB Jeff Richardson | 0-0: Called Strike 0-1: Foul Ball, location: 2F 0-2: Fly out, F8 (Flyball, 8RM) | Bottom of the 3rd over - 0 runs, 0 hits, 0 errors, 0 left on base; Detroit 5 - State College 0 | BOTTOM OF THE 4TH |
---|
State College Spikes batting - Pitching for Detroit Dirty Snow : RHP Ánibal Medina | Batting: RHB Andrew Pinto | 0-0: Ball 1-0: Ball 2-0: Fly out, F8 (Flyball, 8LS) | Batting: RHB Victor Gilbert | 0-0: SINGLE (Groundball, 34D) | Batting: LHB Javier Morales | 0-0: Called Strike 0-1: Ball 1-1: Ball 2-1: Fielders Choice at 2nd, 4-6 (Groundball, 4) | Batting: LHB Wilson Turner | 0-0: Ball 1-0: Ball Javier Morales is caught stealing 2nd base | Bottom of the 4th over - 0 runs, 1 hit, 0 errors, 0 left on base; Detroit 8 - State College 0 | TOP OF THE 5TH |
---|
Detroit Dirty Snow batting - Pitching for State College Spikes : RHP Eric Murphy | Batting: LHB Lee Jenkins | 0-0: Ball 1-0: Swinging Strike 1-1: Foul Ball, location: 2F 1-2: Ball 2-2: Ground out 5-3 (Groundball, 56) | Batting: RHB Albert Cortéz | 0-0: Called Strike 0-1: Swinging Strike 0-2: Ball 1-2: Ball 2-2: Ground out 2-3 (Groundball, 15S) | Batting: SHB Martin Goodwin | 0-0: Ball 1-0: Ball 2-0: Ball 3-0: Base on Balls | Batting: LHB Francisco Medina | 0-0: Ball 1-0: Called Strike 1-1: Called Strike 1-2: Ball 2-2: Ball 3-2: Base on Balls Martin Goodwin to second | Batting: RHB Guo-liang Lian | 0-0: Ball 1-0: SINGLE (Flyball, 8RS) Martin Goodwin to third Francisco Medina to second Runner from 3rd tries for Home, SAFE, no throw | Batting: LHB Luis Salazar | 0-0: Called Strike Guo-liang Lian steals 2nd base Francisco Medina to third 0-1: Ball 1-1: Ground out 3-1 (Groundball, 34S) | Top of the 5th over - 1 run, 1 hit, 0 errors, 2 left on base; Detroit 9 - State College 0 | BOTTOM OF THE 5TH |
---|
State College Spikes batting - Pitching for Detroit Dirty Snow : RHP Ánibal Medina | Batting: LHB Wilson Turner | 0-0: Ball 1-0: Called Strike 1-1: Ground out 6-3 (Groundball, 6) | Batting: LHB Edward Norton | 0-0: Called Strike 0-1: Swinging Strike 0-2: Strikes out swinging | Batting: RHB Ira Ross | 0-0: Ball 1-0: Ball 2-0: Ball 3-0: Base on Balls | Batting: RHB Sergio Serrano | 0-0: Called Strike 0-1: Ball 1-1: Ground out 1-3 (Groundball, P) | Bottom of the 5th over - 0 runs, 0 hits, 0 errors, 1 left on base; Detroit 9 - State College 0 | TOP OF THE 6TH |
---|
Detroit Dirty Snow batting - Pitching for State College Spikes : RHP Eric Murphy | Batting: RHB Carlos Rocha | 0-0: Ball 1-0: Hit by Pitch | Batting: RHB António Aguilera | 0-0: Called Strike 0-1: Swinging Strike 0-2: Ball 1-2: Foul Ball, location: 2F 1-2: Ball 2-2: Strikes out looking | Batting: RHB Wosene Garane | 0-0: Ball 1-0: Called Strike 1-1: Ball 2-1: Called Strike 2-2: Strikes out swinging | Batting: LHB Lee Jenkins | 0-0: Called Strike 0-1: Ball 1-1: Foul Ball, location: 2F 1-2: Ball 2-2: Strikes out swinging | Top of the 6th over - 0 runs, 0 hits, 0 errors, 1 left on base; Detroit 9 - State College 0 | BOTTOM OF THE 6TH |
---|
State College Spikes batting - Pitching for Detroit Dirty Snow : RHP Ánibal Medina | Batting: RHB José Maldonado | 0-0: Ball 1-0: Ball 2-0: Ground out 6-3 (Groundball, 6) | Batting: RHB Jeff Richardson | 0-0: Ball 1-0: SOLO HOME RUN (Flyball, 7LD), Distance : 319 ft | Batting: RHB Andrew Pinto | 0-0: Ball 1-0: Fly out, F8 (Flyball, 8RD) | Batting: RHB Victor Gilbert | 0-0: Ball 1-0: Ball 2-0: Ball 3-0: Base on Balls | Batting: LHB Javier Morales | 0-0: Called Strike 0-1: Foul Ball, location: 2F 0-2: Fly out, F8 (Line Drive, 8RM) | Bottom of the 6th over - 1 run, 1 hit, 0 errors, 1 left on base; Detroit 9 - State College 1 | TOP OF THE 7TH |
---|
Detroit Dirty Snow batting - Pitching for State College Spikes : RHP Eric Murphy | Batting: RHB Albert Cortéz | 0-0: Called Strike 0-1: Ball 1-1: Swinging Strike 1-2: DOUBLE (Line Drive, 7LS) | Pitching: RHP Nelson Rivera | | Batting: SHB Martin Goodwin | 0-0: Swinging Strike 0-1: Ball 1-1: Ball Wild Pitch! Albert Cortéz to third 2-1: Foul Ball, location: 2F 2-2: Ball 3-2: Foul Ball, location: 2F 3-2: Strikes out swinging | Batting: LHB Francisco Medina | 0-0: Called Strike 0-1: Ball 1-1: Foul Ball, location: 2F 1-2: Ball 2-2: Ground out U3 (Groundball, 3) | Batting: RHB Guo-liang Lian | 0-0: SINGLE (Flyball, 8RS) Albert Cortéz scores | Batting: LHB Luis Salazar | 0-0: Called Strike 0-1: Foul Ball, location: 2F 0-2: Ball Guo-liang Lian steals 2nd base 1-2: SINGLE (Groundball, 5D) Guo-liang Lian to third Runner from 3rd tries for Home, SAFE, no throw | Batting: RHB Carlos Rocha | 0-0: Ball Luis Salazar is caught stealing 2nd base | Top of the 7th over - 2 runs, 3 hits, 0 errors, 0 left on base; Detroit 11 - State College 1 | BOTTOM OF THE 7TH |
---|
State College Spikes batting - Pitching for Detroit Dirty Snow : RHP Ánibal Medina | Batting: LHB Wilson Turner | 0-0: Called Strike 0-1: Foul Ball, location: 2F 0-2: Ball 1-2: Foul Ball, location: 2F 1-2: Fly out, F8 (Flyball, 78D) | Batting: LHB Edward Norton | 0-0: Ball | |
---|
| | 1-0: Ball 2-0: Called Strike 2-1: TRIPLE (Line Drive, 7D) | Pitching: LHP Sancho Espinoza | | Batting: RHB Ira Ross | 0-0: Ball 1-0: Swinging Strike 1-1: Swinging Strike 1-2: Strikes out swinging | Batting: RHB Sergio Serrano | 0-0: Ground out 1-3 (Groundball, P) | Bottom of the 7th over - 0 runs, 1 hit, 0 errors, 1 left on base; Detroit 11 - State College 1 | TOP OF THE 8TH |
---|
Detroit Dirty Snow batting - Pitching for State College Spikes : RHP Nelson Rivera | Batting: RHB Carlos Rocha | 0-0: Called Strike 0-1: Foul Ball, location: 2F 0-2: Strikes out swinging | Batting: RHB António Aguilera | 0-0: Ball 1-0: Foul Ball, location: 2F 1-1: Foul Ball, location: 2F 1-2: SINGLE (Groundball, 6S) (infield hit) | Batting: RHB Wosene Garane | 0-0: Fly out, F6 (Line Drive, 6) | Batting: LHB Lee Jenkins | 0-0: Ball António Aguilera steals 2nd base 1-0: SINGLE (Line Drive, 4M) António Aguilera to third Runner from 3rd tries for Home, SAFE, no throw | Batting: RHB Albert Cortéz | 0-0: Ball 1-0: Called Strike 1-1: Ball 2-1: Ball 3-1: Base on Balls Lee Jenkins to second | Batting: SHB Martin Goodwin | 0-0: Called Strike 0-1: Ball 1-1: Ball 2-1: Ball 3-1: Called Strike 3-2: Fly out, F9 (Flyball, 9S) | Top of the 8th over - 1 run, 2 hits, 0 errors, 2 left on base; Detroit 12 - State College 1 | BOTTOM OF THE 8TH |
---|
State College Spikes batting - Pitching for Detroit Dirty Snow : LHP Sancho Espinoza | Batting: RHB José Maldonado | 0-0: Foul Ball, location: 2F 0-1: Ball 1-1: Ball 2-1: Ball 3-1: Foul Ball, location: 2F 3-2: Foul Ball, location: 2F 3-2: Base on Balls | Batting: RHB Jeff Richardson | 0-0: Called Strike 0-1: Called Strike 0-2: Strikes out swinging | Batting: RHB Andrew Pinto | 0-0: Foul Ball, location: 2F 0-1: Called Strike 0-2: Ball 1-2: Fielders Choice at 2nd, 3-6 (Groundball, 34) | Batting: RHB Victor Gilbert | 0-0: Fielders Choice at 2nd, 6-4 (Groundball, 6) | Bottom of the 8th over - 0 runs, 0 hits, 0 errors, 1 left on base; Detroit 12 - State College 1 | TOP OF THE 9TH |
---|
Detroit Dirty Snow batting - Pitching for State College Spikes : RHP Nelson Rivera | Batting: LHB Francisco Medina | 0-0: Ball 1-0: Foul Ball, location: 2F 1-1: Foul Ball, location: 2F 1-2: Fly out, F9 (Flyball, 9) | Batting: RHB Guo-liang Lian | 0-0: Ball 1-0: Ball 2-0: SINGLE (Line Drive, 8LS) | Batting: LHB Luis Salazar | 0-0: Ball Guo-liang Lian steals 2nd base 1-0: Foul Ball, location: 2F 1-1: Ball 2-1: Ball 3-1: Ground out 5-3 (Groundball, 56) | Batting: RHB Carlos Rocha | 0-0: Ball 1-0: Ball 2-0: Called Strike 2-1: Swinging Strike 2-2: Ground out 6-3 (Groundball, 6MD) | Top of the 9th over - 0 runs, 1 hit, 0 errors, 1 left on base; Detroit 12 - State College 1 | BOTTOM OF THE 9TH |
---|
State College Spikes batting - Pitching for Detroit Dirty Snow : LHP Sancho Espinoza | Batting: LHB Javier Morales | 0-0: Foul Ball, location: 2F 0-1: Ball 1-1: Called Strike 1-2: Ball 2-2: Foul Ball, location: 2F 2-2: Ball 3-2: Base on Balls | Batting: LHB Wilson Turner | 0-0: SINGLE (Groundball, 4MD) Javier Morales to second | Batting: LHB Edward Norton | 0-0: Ball Wild Pitch! Javier Morales to third Wilson Turner to second 1-0: Ball 2-0: Fly out, F7 (Flyball, 7S) | Batting: RHB Ira Ross | 0-0: SINGLE (Flyball, 9LS) Javier Morales scores Wilson Turner to third | Batting: RHB Sergio Serrano | 0-0: Ball 1-0: Fly out, F5 (Line Drive, 56) | Batting: RHB José Maldonado | 0-0: Ball 1-0: Swinging Strike 1-1: SINGLE (Groundball, 6D) Wilson Turner scores Ira Ross to second | Batting: RHB Jeff Richardson | 0-0: Ball 1-0: Called Strike 1-1: Foul Ball, location: 2F 1-2: Ground out 1-3 (Groundball, 13S) | Bottom of the 9th over - 2 runs, 3 hits, 0 errors, 2 left on base; Detroit 12 - State College 3 | | Saturday, December 16th, 2017 - OOTP Baseball 18.8 Build 76 | |